 Dungeon Crawl Stone Soup version 0.32-a0-520-g344ed53f66 (webtiles) character file.

Game seed: 12141888737451816391

417 ezpacito the Trooper (level 6, 0/48 HPs)
             Began as a Demonspawn Chaos Knight on Feb 27, 2024.
             Was a Plaything of Xom.
             Slain by a lemure (3 damage)
             ... led by Pikel
             ... on level 5 of the Dungeon.
             The game lasted 00:07:29 (3724 turns).

ezpacito the Trooper (Demonspawn Chaos Knight)      Turns: 3724, Time: 00:07:30

Health: 0/48       AC:  6    Str: 10 (14) XL:     6   Next: 61%
Magic:  8/8        EV: 11    Int:  9 (12) God:    Xom [*.....]
Gold:   92         SH:  0    Dex: 12 (13) Spells: 2/8 levels left

rFire   . . .        q - +6 battleaxe "Gachifaff" {venom, Fly SInv}
rCold   . . .        (shield currently unavailable)
rNeg    . . .        b - +2 leather armour
rPois   .            (no helmet)
rElec   .            c - +0 cloak
rCorr   .            (no gloves)
SInv    +            (no boots)
Will    .....        (no amulet)
Stlth   +            s - ring of flight
HPRegen 0.28/turn    (no ring)
MPRegen 0.11/turn

%: no passive effects
@: flying
A: claws 1, hooves 1, ignite blood 1, demonic magic 1, deterioration 1,
MP-powered wands
a: Renounce Religion


You were on level 5 of the Dungeon.
You worshipped Xom.
You were a special plaything of Xom.
You visited 1 branch of the dungeon, and saw 5 of its levels.

You collected 242 gold pieces.
You spent 150 gold pieces at shops.

Inventory:

Hand Weapons
 a - a +0 hand axe of chaos
 d - a +0 war axe
 n - the +4 dagger "Syzxunet" {heavy, rPois Int+4}
   (You took it off a goblin on level 3 of the Dungeon)

   Int+4:     It affects your intelligence (+4).
   rPois:     It protects you from poison
 q - the +6 battleaxe "Gachifaff" (weapon) {venom, Fly SInv}
   (You acquired it on level 5 of the Dungeon)

   SInv:      It lets you see invisible.
   Fly:       It grants you flight.
Missiles
 j - 4 javelins (quivered)
Armour
 b - a +2 leather armour (worn)
 c - a +0 cloak (worn)
 m - a +0 pair of boots
 r - a +0 chain mail
Magical Staves
 f - a staff of earth
Jewellery
 s - a ring of flight (left claw)
Wands
 e - a wand of flame (24)
Scrolls
 g - a scroll of noise
 i - a scroll of poison
 l - 2 scrolls of immolation
 t - a scroll of enchant weapon {unknown}
Potions
 h - a potion of invisibility
 k - a potion of might
 o - 3 potions of curing
 p - a potion of brilliance {unknown}


   Skills:
 * Level 3.7 Fighting
 * Level 3.4(3.5) Axes
 + Level 1.1(2.4) Polearms
 + Level 0.9 Throwing
 * Level 2.9 Armour
 * Level 2.3 Dodging
 + Level 1.0 Stealth
 * Level 1.9 Unarmed Combat
 * Level 1.7 Spellcasting
 + Level 0.9 Summonings
 * Level 1.5 Necromancy


You had 2 spell levels left.
You knew the following spells:

 Your Spells              Type           Power      Damage    Failure   Level
a - Call Imp              Summ           4%         N/A       43%         2
b - Sublimation of Blood  Necr           3%         N/A       36%         2
c - Kiss of Death         Conj/Necr      8%         2d6       32%         1
d - Magic Dart            Conj           0%         1d3       41%         1

Your spell library contained the following spells:

 Spells                   Type           Power      Damage    Failure   Level
 Searing Ray              Conj           0%         2d4       56%         2
 Confusing Touch          Hex            0%         N/A       80%         3
 Dispel Undead            Necr           3%         3d7       94%         4
 Fulminant Prism          Conj/Alch      0%         3d5       99%         4
 Conjure Ball Lightning   Conj/Air       0%         3x3d6     100%        6
 Summon Hydra             Summ           1%         N/A       100%        7
 Discord                  Hex            0%         N/A       100%        8
 Disjunction              Tloc           0%         N/A       100%        8


Dungeon Overview and Level Annotations

Branches:
Dungeon (5/15)
 Temple: D:4-7

Altars:
Ashenzari
Gozag
Vehumet

Shops:
D:1 =   D:4 (**!!

Portals:
Sewer: D:5

Annotations:
D:5 Pikel


Innate Abilities, Weirdness & Mutations

You have sharp fingernails.
You have large cloven feet.
Your demonic aura sometimes causes spilled blood to erupt in flames.
Spells you cast may paralyse adjacent enemies.
Your body sometimes deteriorates upon taking damage.
You expend magic power (3 MP) to strengthen your wands.


Message History

Found an escape hatch in the ceiling.
Found 10 gold pieces.
Found a stone staircase leading down.
You now have 92 gold pieces (gained 10).
No target in view!
There is a shaft here.
You see here 2 stones.
t - a scroll labelled ZERYNU BE POYTS A lemure comes into view.
The lemure shouts!
A lemure comes into view.
A lemure comes into view.
Found a scroll of identify.
Pikel shouts!
The lemure shouts!
You closely miss the lemure. The lemure hits you but does no damage.
The lemure hits you.
Your body deteriorates!
You feel weakened.
You barely miss Pikel. Your kick misses Pikel. You barely miss the lemure.
Pikel hits you with a +2 whip of electrocution.
The lemure hits you. The lemure hits you! The lemure barely misses you.
Pikel misses you.
You hit Pikel. Your kick misses Pikel.
Pikel is lightly wounded.
You barely miss the lemure. You hit the lemure.
The lemure is poisoned.
You barely miss the lemure. The lemure closely misses you.
Pikel hits you with a +2 whip of electrocution!
The lemure hits you. The lemure misses you.
Unknown command.
You closely miss Pikel. You kick Pikel, but do no damage.
Pikel is lightly wounded.
You hit the lemure.
The lemure is poisoned.
You closely miss the lemure. You slash the lemure!
The lemure looks as sick as possible!
The lemure hits you but does no damage.
Pikel hits you with a +2 whip of electrocution.
* * * LOW HITPOINT WARNING * * *
Your body deteriorates!
You feel weakened. The lemure hits you!
* * * LOW HITPOINT WARNING * * *
The lemure hits you.
You die...
Xom is highly amused!

#..# ##....## #...
##.#####..## ##...
#.....########....
##...........#.....
#.###..............
#.# ########.......
##.####### #.......
#<#......##
##......
#.5@..!...# ##.....
#.K55...... ##....
#...>....... ###..
#........... #.
#............
#............
.#..........?
.##...........


You could see Pikel and 3 lemures.

Vanquished Creatures
  A water moccasin (D:5)
  A lemure (D:5)
  2 orc priests
  A hound (D:3)
  A jelly (D:4)
  Jessica (D:3)
  An iguana (D:5)
  An orc wizard (D:5)
  2 adders (D:2)
  A river rat (D:1)
  A dart slug (D:3)
  A ribbon worm (D:2)
  15 orcs
  6 ball pythons
  6 endoplasms
  3 giant cockroaches
  8 goblins
  5 hobgoblins
  5 jackals (D:1)
  5 kobolds
  2 quokkas (D:1)
  6 bats
  A frilled lizard (D:1)
  A rat (D:1)
77 creatures vanquished.

Notes
Turn   | Place    | Note
-------+----------+-------------------------------------------
     0 | D:1      | ezpacito the Demonspawn Chaos Knight began the quest for
                  | the Orb.
     0 | D:1      | Reached XP level 1. HP: 18/18 MP: 1/1
    17 | D:1      | Reached skill level 1 in Dodging
    25 | D:1      | XOM: silly message
    49 | D:1      | Discovered your monstrous ancestry.
    49 | D:1      | Gained mutation: You have large cloven feet. [demonic
                  | ancestry]
    49 | D:1      | Reached XP level 2. HP: 24/24 MP: 2/2
   304 | D:1      | XOM: god gift: scroll labelled JAXU UNEIJ {god gift}
   351 | D:1      | Found Qebliun's Jewellery Shop.
   422 | D:1      | Gained mutation: Your demonic aura sometimes causes spilled
                  | blood to erupt in flames. [demonic ancestry]
   422 | D:1      | Reached XP level 3. HP: 28/29 MP: 3/3
   737 | D:2      | XOM: noise
   817 | D:2      | XOM: swap monsters
   822 | D:2      | Reached skill level 1 in Unarmed Combat
   828 | D:2      | Gained mutation: You expend magic power (3 MP) to
                  | strengthen your wands. [potion of mutation]
  1034 | D:2      | XOM: silly message
  1128 | D:2      | Gained mutation: Spells you cast may paralyse adjacent
                  | enemies. [demonic ancestry]
  1128 | D:2      | Reached XP level 4. HP: 27/35 MP: 5/5
  1301 | D:2      | XOM: noise
  1474 | D:2      | Learned a level 2 spell: Call Imp
  1477 | D:2      | Learned a level 2 spell: Sublimation of Blood
  1617 | D:3      | XOM: torment (19/35 hp)
  1703 | D:3      | XOM: give mutations
  1703 | D:3      | Gained mutation: You have hidden genetic defects. [Xom's
                  | mischief]
  1703 | D:3      | Lost mutation: You have hidden genetic defects. [Xom's
                  | mischief]
  1703 | D:3      | Gained mutation: Your body sometimes deteriorates upon
                  | taking damage. [Xom's mischief]
  1721 | D:3      | Reached skill level 1 in Spellcasting
  1876 | D:3      | Noticed Jessica
  1887 | D:3      | Killed Jessica
  2105 | D:3      | Reached XP level 5. HP: 41/41 MP: 6/6
  2107 | D:3      | XOM: summons 3 hostile demons
  2140 | D:3      | Identified the +4 dagger "Syzxunet" {heavy, rPois Int+4}
  2542 | D:4      | XOM: confusion (+ monsters)
  2587 | D:4      | Learned a level 1 spell: Kiss of Death
  2589 | D:4      | Learned a level 1 spell: Magic Dart
  2620 | D:4      | Found a broken altar of Ashenzari.
  2621 | D:4      | Found an opulent altar of Gozag.
  2628 | D:4      | XOM: stat loss: -1 Str (13/14)
  2634 | D:4      | XOM: smoke on damage
  2669 | D:4      | Reached skill level 1 in Necromancy
  2739 | D:4      | Found Qemober's Distillery.
  2818 | D:4      | Bought a potion of invisibility for 80 gold pieces
  2818 | D:4      | Bought a potion of might for 40 gold pieces
  2818 | D:4      | Bought a potion of curing for 30 gold pieces
  2869 | D:4      | Reached skill level 1 in Polearms
  2872 | D:4      | Found Fiycagaf's Assorted Antiques.
  2886 | D:4      | Found Xejem's Assorted Antiques.
  2925 | D:4      | Found Jiwikh's Weapon Shop.
  3033 | D:4      | Found Lotalot's Distillery.
  3181 | D:5      | Entered Level 5 of the Dungeon
  3181 | D:5      | Noticed a lemure
  3183 | D:5      | Noticed Pikel
  3191 | D:5      | Noticed a water moccasin
  3193 | D:5      | Killed a lemure
  3203 | D:5      | Killed a water moccasin
  3204 | D:5      | Gained mutation: You have sharp fingernails. [demonic
                  | ancestry]
  3204 | D:5      | Reached XP level 6. HP: 41/47 MP: 2/8
  3240 | D:5      | Found a radiant altar of Vehumet.
  3275 | D:5      | Identified a scroll of acquirement
  3275 | D:5      | Acquired the +6 battleaxe "Gachifaff" {venom, Fly SInv}
  3350 | D:5      | Reached skill level 1 in Stealth
  3463 | D:5      | Found a glowing drain.
  3724 | D:5      | Slain by a lemure

Illustrated notes

Levels and vault maps discovered:
D:1:      scummos_arrival_hexagon, layout_basic, serial_shops,
          nicolae_shop_peninsula
D:2:      layout_loops_cross
D:3:      layout_basic, uniq_jessica
D:4:      layout_cave_pools, nicolae_overflow_squiral, serial_shops, shop,
          nicolae_shop_bloodbath_and_beyond, nicolae_shop_tiny_real_fake_doors,
          shop, shop
D:5:      layout_cave_pods, lemuel_round_altar, enter_ossuary_3,
          mainiacjoe_sewer_entry_somewhere_in_here_1, uniq_pikel

Skill      XL: |  1  2  3  4  5  6 |
---------------+-------------------+-----
Dodging        | 1 2 |  2.3
Armour         | 2 |  2.9
Unarmed Combat | 1 |  1.9
Axes           | 3 |  3.4
Spellcasting   | 1 |  1.7
Necromancy     | 1 |  1.5
Polearms       | 1 |  1.1
Stealth        | 1 |  1.0
Fighting       | |  3.7
Throwing       | |  0.9
Summonings     | |  0.9

Action                     |  1- 3 |  4- 6 || total
---------------------------+-------+-------++-------
  Melee: Hand axe          |   116 |    45 ||   161
         Kick              |    18 |    23 ||    41
         Dagger            |       |    59 ||    59
         Battleaxe         |       |     8 ||     8
  Evoke: Wand              |       |     4 ||     4
    Use: Potion            |     3 |     3 ||     6
         Scroll            |     1 |     6 ||     7
   Stab: Petrifying        |     1 |       ||     1
         Confused          |       |     1 ||     1
 Armour: Leather armour    |    89 |   158 ||   247
  Dodge: Dodged            |   102 |   133 ||   235

Table legend: (Time is in decaauts)
 A = Elapsed time spent in this place.
 B = Non-inter-level travel time spent in this place.
 C = Inter-level travel time spent in this place.
 D = Time resting spent in this place.
 E = Time spent auto-exploring this place.
 F = Levels seen in this place.
 G = Mean time per level.
                   A        B        C        D        E       F      G
               +--------+--------+--------+--------+--------+-----+--------+
         Total |   3762 |   3615 |    147 |    143 |   2572 |   5 |  752.4 |
       Dungeon |   3762 |   3615 |    147 |    143 |   2572 |   5 |  752.4 |
               +--------+--------+--------+--------+--------+-----+--------+

Top non-repeatable levels by time:
     D:3: 1002 daAuts
     D:2: 780 daAuts
     D:1: 736 daAuts
     D:4: 688 daAuts
     D:5: 554 daAuts
